Map: Distant Plane

Players

KäptnBlaubär

  • Race: Protoss Protoss
  • Spawn Location: 5:00

Nick

  • Race: Protoss Protoss
  • Spawn Location: 5:00

Loken - Winner!

  • Race: Zerg Zerg
  • League: Platinum
  • Spawn Location: 7:00

dallaskuken - Winner!

  • Race: Protoss Protoss
  • League: Platinum
  • Spawn Location: 7:00

VOD

Have the link to the VOD?

Description

Time

  • Played on: March 14, 2017, 5:36 p.m.
  • Length: 9:41
Show
View Real Time Build Order
Export as new Build Order

KäptnBlaubär Protoss 

Build Orders:  

Get SALT Encoding   

  12  0:05  Probe (Chrono Boost)  
  13  0:17  Pylon  
  13  0:31  Probe (Chrono Boost)  
  14  0:37  Gateway  
  14  0:41  Probe (Chrono Boost)  
  15  0:47  Assimilator  
  15  0:52  Probe (Chrono Boost)  
  16  1:02  Gateway  
  16  1:14  Probe (Chrono Boost)  
  17  1:19  Pylon  
  17  1:24  Cybernetics Core, Probe (Chrono Boost)  
  18  1:31  Zealot  
  20  1:35  Probe (Chrono Boost)  
  21  1:48  Probe (Chrono Boost)  
  21  1:52  Gateway  
  22  1:57  Warp Gate, Pylon  
  22  2:12  Forge  
  22  2:19  Assimilator  
  22  2:28  Adept  
  24  2:42  Adept  
  26  2:51  Protoss Ground Weapons Level 1  
  26  2:54  Probe (Chrono Boost)  
  26  2:55  Zealot  
  29  3:05  Probe (Chrono Boost)  
  30  3:09  Zealot  
  32  3:22  Zealot  
  34  3:37  Gateway  
  36  3:50  Gateway  
  34  4:07  Probe (Chrono Boost)  
  35  4:11  Nexus  
  35  4:30  Stalker  
  37  4:31  Stalker  
  39  4:56  Pylon  
  39  5:05  Pylon  
  40  5:15  Probe (Chrono Boost)  
  40  5:16  Sentry  
  40  5:17  Sentry x2  
  46  5:23  Sentry  
  46  5:27  Probe (Chrono Boost)  
  49  5:38  Probe (Chrono Boost)  
  50  5:48  Probe (Chrono Boost)  
  51  5:51  Sentry, Zealot  
  51  5:55  Zealot x2  
  59  5:59  Probe (Chrono Boost)  
  60  6:09  Probe (Chrono Boost)  
  53  6:20  Probe (Chrono Boost)  
  40  6:29  Stalker x2  
  40  6:30  Stalker x2  
  40  6:43  Probe (Chrono Boost)  
  35  6:54  Probe (Chrono Boost)  
  34  6:56  Stalker x3  
  34  6:58  Stalker  
  33  7:30  Probe (Chrono Boost)  
  33  7:32  Adept  
  33  7:33  Adept x3  
  38  7:39  Gateway  
  38  7:42  Probe (Chrono Boost)  
  29  7:52  Stargate  
  29  7:53  Sentry x2  
  29  7:54  Sentry x2, Probe (Chrono Boost)  
  38  8:05  Pylon  
  24  8:32  Sentry  
  24  8:33  Sentry  
  26  8:35  Zealot x2  
  21  9:15  Zealot  
  23  9:24  Adept x3  
  23  9:25  Adept  
Show
View Real Time Build Order
Export as new Build Order

Nick Protoss 

Build Orders:  

Get SALT Encoding   

  12  0:03  Probe (Chrono Boost)  
  13  0:13  Pylon  
  14  0:21  Probe (Chrono Boost)  
  14  0:32  Probe (Chrono Boost)  
  15  0:36  Gateway  
  15  0:42  Probe (Chrono Boost)  
  16  0:47  Assimilator  
  16  0:53  Probe (Chrono Boost)  
  17  1:03  Probe (Chrono Boost)  
  18  1:14  Probe (Chrono Boost)  
  19  1:25  Zealot  
  19  1:26  Cybernetics Core  
  21  1:35  Pylon  
  21  1:37  Probe (Chrono Boost)  
  22  1:47  Probe (Chrono Boost)  
  22  1:49  Gateway  
  23  2:00  Pylon, Probe (Chrono Boost)  
  24  2:01  Zealot  
  24  2:05  Warp Gate  
  26  2:13  Assimilator  
  26  2:19  Pylon  
  26  2:22  Probe (Chrono Boost)  
  27  2:45  Sentry x2  
  31  3:00  Pylon  
  30  3:06  Gateway  
  30  3:19  Stalker  
  32  3:22  Nexus  
  32  3:30  Gateway  
  32  3:45  Forge  
  32  3:52  Pylon  
  32  4:29  Twilight Council  
  32  4:34  Stalker  
  32  4:35  Stalker  
  32  4:37  Zealot x2  
  40  4:46  Robotics Facility  
  40  4:48  Probe (Chrono Boost)  
  41  4:59  Probe (Chrono Boost)  
  42  5:04  Sentry  
  42  5:06  Stalker  
  46  5:22  Protoss Shields Level 1  
  46  5:26  Probe (Chrono Boost)  
  47  5:34  Pylon  
  47  5:37  Probe (Chrono Boost)  
  47  5:39  Stalker  
  47  5:40  Zealot  
  52  5:56  Photon Cannon  
  52  6:02  Charge  
  40  6:26  Zealot  
  40  6:27  Zealot x2  
  40  6:28  Zealot  
  28  6:55  Stalker x4  
  33  7:24  Stalker x3  
  35  7:48  Sentry x2  
  35  7:51  Stalker  
  33  8:13  Stalker  
  33  8:14  Stalker x3  
Show
View Real Time Build Order
Export as new Build Order

Loken Zerg - Winner!

Build Orders: Hatch First 

Get SALT Encoding   

  12  0:03  Drone  
  13  0:11  Drone  
  14  0:18  Overlord  
  14  0:37  Drone  
  14  0:38  Drone x2  
  17  1:00  Hatchery  
  16  1:09  Spawning Pool  
  16  1:11  Drone  
  16  1:16  Drone  
  17  1:25  Drone x2  
  19  1:29  Extractor  
  18  1:33  Drone  
  19  1:45  Overlord  
  19  1:54  Drone  
  19  1:56  Queen  
  22  2:02  Roach Warren  
  22  2:06  Drone  
  22  2:18  Drone  
  23  2:29  Drone  
  25  2:30  Drone x2  
  26  2:38  Overlord  
  26  2:39  Queen  
  26  2:41  Drone  
  29  2:50  Drone  
  29  2:51  Drone  
  31  2:58  Extractor  
  31  3:00  Roach  
  32  3:08  Drone x3  
  32  3:09  Drone x2  
  37  3:18  Lair  
  37  3:24  Drone x2  
  39  3:43  Drone x5  
  44  3:49  Overlord  
  44  4:04  Extractor  
  43  4:16  Roach  
  43  4:17  Roach x3  
  51  4:20  Overlord  
  51  4:21  Overlord x2  
  51  4:22  Overlord  
  51  4:34  Glial Reconstitution  
  51  4:44  Overseer  
  51  4:45  Overseer  
  51  4:52  Zergling x2  
  52  4:53  Zergling x16  
  60  5:12  Hatchery  
  60  5:13  Roach  
  67  5:14  Roach x3  
  67  5:17  Roach  
  69  5:23  Metabolic Boost  
  69  5:27  Drone  
  70  5:34  Drone  
  70  5:35  Drone x2  
  73  5:38  Roach  
  73  5:39  Roach  
  77  5:46  Roach  
  77  5:47  Roach x2  
  83  5:51  Overlord x2  
  83  6:06  Spore Crawler  
  83  6:08  Spore Crawler  
  75  6:21  Roach  
  75  6:22  Roach x8  
  78  6:49  Roach x10  
  92  7:22  Roach x3  
  100  7:23  Roach x5  
  100  7:37  Spire  
  100  7:40  Evolution Chamber  
  100  7:42  Evolution Chamber  
  97  7:50  Roach x3  
  97  7:51  Roach  
  105  7:54  Overlord x2  
  105  7:55  Overlord  
  101  8:19  Zergling x16  
  109  8:20  Zergling x4  
  107  8:44  Infestation Pit  
  106  9:05  Roach  
  106  9:06  Roach x4  
  106  9:07  Overlord  
  106  9:08  Overlord x6  
  114  9:17  Overseer  
Show
View Real Time Build Order
Export as new Build Order

dallaskuken Protoss - Winner!

Build Orders:  

Get SALT Encoding   

  12  0:01  Probe (Chrono Boost)  
  13  0:12  Probe (Chrono Boost)  
  14  0:27  Probe (Chrono Boost)  
  15  0:33  Pylon  
  15  0:51  Probe (Chrono Boost)  
  15  0:55  Gateway  
  16  0:57  Forge  
  16  1:01  Probe (Chrono Boost)  
  17  1:12  Pylon, Probe (Chrono Boost)  
  18  1:20  Assimilator  
  18  1:23  Probe (Chrono Boost)  
  19  1:33  Probe (Chrono Boost)  
  20  1:44  Probe (Chrono Boost)  
  20  1:46  Cybernetics Core  
  21  1:53  Zealot  
  23  1:54  Probe (Chrono Boost)  
  24  2:02  Photon Cannon  
  24  2:05  Pylon  
  24  2:13  Probe (Chrono Boost)  
  25  2:24  Warp Gate, Probe (Chrono Boost)  
  25  2:29  Adept  
  28  2:32  Gateway  
  28  2:34  Probe (Chrono Boost)  
  28  2:36  Pylon  
  28  2:47  Probe (Chrono Boost)  
  29  2:52  Assimilator  
  29  3:06  Nexus  
  29  3:17  Photon Cannon  
  29  3:22  Zealot  
  31  3:30  Probe (Chrono Boost)  
  32  3:39  Stalker  
  32  3:41  Probe (Chrono Boost)  
  35  3:50  Adept  
  35  3:51  Probe (Chrono Boost)  
  38  3:57  Pylon  
  38  4:02  Probe (Chrono Boost)  
  39  4:09  Stalker  
  41  4:12  Probe (Chrono Boost)  
  42  4:20  Robotics Facility  
  42  4:23  Probe (Chrono Boost)  
  43  4:29  Probe (Chrono Boost)  
  44  4:38  Adept  
  46  4:40  Probe (Chrono Boost)  
  47  4:50  Probe (Chrono Boost)  
  49  4:53  Probe (Chrono Boost)  
  49  4:59  Adept  
  51  5:01  Probe (Chrono Boost)  
  51  5:02  Stalker  
  54  5:09  Observer  
  54  5:11  Probe (Chrono Boost)  
  56  5:20  Sentry  
  58  5:22  Probe (Chrono Boost)  
  59  5:32  Probe (Chrono Boost)  
  59  5:34  Pylon  
  59  5:35  Pylon  
  60  5:36  Pylon  
  60  5:37  Stalker  
  62  5:43  Probe (Chrono Boost)  
  62  5:47  Assimilator  
  62  5:48  Stalker  
  65  5:51  Assimilator  
  65  5:53  Probe (Chrono Boost)  
  67  6:04  Probe (Chrono Boost)  
  65  6:15  Probe (Chrono Boost)  
  48  6:58  Stalker x2  
  52  7:01  Immortal  
  54  7:41  Immortal  
  56  7:53  Robotics Bay  
  56  8:03  Robotics Facility  
  56  8:07  Robotics Facility  
  56  8:09  Robotics Facility  
  56  8:25  Immortal  
Tags
 
Add a new tag
Caveats
  • Supply blocks, unpowered buildings, or Contaminate may cause inaccurate times.
  • Supply counts are checked every 10 seconds.